 Dungeon Crawl Stone Soup version 0.31.0-11-ge490571c62 (webtiles) character file.

Game seed: 15776028793995888714

60 hawla the Conjurer (level 3, -1/20 HPs)
             Began as a Deep Elf Conjurer on Jan 29, 2024.
             Slain by Grinder (5 damage)
             ... on level 3 of the Dungeon.
             The game lasted 00:06:02 (1594 turns).

hawla the Conjurer (Deep Elf Conjurer)              Turns: 1594, Time: 00:06:02

Health: -1/20      AC:  2    Str:  4    XL:     3   Next: 80%
Magic:  3/9        EV: 12    Int: 24    God:
Gold:   92         SH:  0    Dex: 13    Spells: 2/8 levels left

rFire   . . .        (no weapon)
rCold   . . .        (no shield)
rNeg    . . .        a - +0 robe
rPois   .            (no helmet)
rElec   .            (no cloak)
rCorr   .            (no gloves)
SInv    .            (no boots)
Will    .....        (no amulet)
Stlth   ++           (no ring)
HPRegen 0.23/turn    (no ring)
MPRegen 0.11/turn

%: no passive effects
@: no status effects
A: no striking features
a: no special abilities


You were on level 3 of the Dungeon.
You visited 1 branch of the dungeon, and saw 3 of its levels.

You collected 92 gold pieces.

Inventory:

Armour
 a - a +0 robe (worn)
Jewellery
 e - a ring of resist corrosion
Wands
 g - a wand of roots (7) (quivered)
Potions
 c - a potion of might {unknown}
 d - a potion of curing
 f - a potion of heal wounds {unknown}
 h - a potion of attraction {unknown}
 i - a potion of ambrosia {unknown}


   Skills:
 - Level 1.0 Fighting
 - Level 3.0 Dodging
 - Level 2.4 Stealth
 - Level 3.0 Spellcasting
 - Level 5.0 Conjurations
 - Level 1.0 Translocations
 - Level 1.0 Earth Magic
 + Level 1.2 Evocations


You had 2 spell levels left.
You knew the following spells:

 Your Spells              Type           Power      Damage    Failure   Level
a - Magic Dart            Conj           100%       1d8       1%          1
b - Searing Ray           Conj           54%        2d6       1%          2
c - Stone Arrow           Conj/Erth      36%        3d9       10%         3

Your spell library contained the following spells:

 Spells                   Type           Power      Damage    Failure   Level
 Iskenderun's Mystic Bla  Conj/Tloc      18%        2d6       30%         4
 Fulminant Prism          Conj/Alch      7%         3d7       36%         4
 Animate Armour           Summ/Erth      12%        N/A       65%         4
 Olgreb's Toxic Radiance  Alch           3%         N/A       71%         4
 Ozocubu's Refrigeration  Ice            1%         4d7       100%        7
 Discord                  Hex            1%         N/A       100%        8
 Lehudib's Crystal Spear  Conj/Erth      9%         10d4      100%        8


Dungeon Overview and Level Annotations

Branches:
Dungeon (3/15)

Altars:

Annotations:
D:3 Grinder


Message History

As you read the scroll of identify, it crumbles to dust.
d - a potion of curing Grinder closely misses you.
You aren't carrying any scrolls.
Magic courses through your body. Grinder misses you.
Casting: Searing Ray (safe; 1% risk of failure)
Confirm with . or Enter, or press ? or * to list all spells.
Aiming: Searing Ray (safe; 1% risk of failure)
Press: ? - help, Shift-Dir - straight line, f - Grinder
Aim: Grinder (77% to hit)
The searing ray hits Grinder!
Grinder is lightly wounded. (Press . to maintain the ray.) Grinder hits you!
* * * LOW HITPOINT WARNING * * *
The searing ray hits Grinder!
Grinder is moderately wounded.
Grinder barely misses you.
The searing ray hits Grinder!
Grinder is severely wounded.
Grinder barely misses you.
The searing ray hits Grinder.
Grinder is severely wounded.
You finish channelling your searing ray.
A frilled lizard comes into view.
Grinder hits you.
* * * LOW HITPOINT WARNING * * *
Unknown command.
Casting: Searing Ray (safe; 1% risk of failure)
Confirm with . or Enter, or press ? or * to list all spells.
Aiming: Searing Ray (safe; 1% risk of failure)
Press: ? - help, Shift-Dir - straight line, f/p - Grinder
Aim: Grinder (severely wounded, 77% to hit)
The searing ray hits Grinder.
Grinder is almost dead. (Press . to maintain the ray.)
The frilled lizard hisses angrily.
Grinder hits you.
You die...
Grinder says, "Hey, I wasn't done torturing you yet!"

####### #.....#
#.....# #.....#
#.....# #####
####.....### #....
#..........# #....
#....@5....#######....
#.......>........#....
##...###.####.##.#....
#..l #..).$.).......
#... ######.##w#....
.....' #.##......
.##... ...##o.... #...
....##..o..
.....##.....


You could see Grinder and a frilled lizard.

Vanquished Creatures
  2 adders (D:2)
  6 orcs (D:3)
  A giant cockroach (D:2)
  4 goblins
  4 hobgoblins
  6 ball pythons
  7 bats
  3 kobolds (D:1)
  6 rats
39 creatures vanquished.

Notes
Turn   | Place    | Note
-------+----------+-------------------------------------------
     0 | D:1      | hawla the Deep Elf Conjurer began the quest for the Orb.
     0 | D:1      | Reached XP level 1. HP: 10/10 MP: 6/6
   312 | D:1      | Reached XP level 2. HP: 15/15 MP: 5/8
   354 | D:1      | Noticed an eye of devastation
   356 | D:1      | Found a faded altar of an unknown god.
   359 | D:1      | Noticed a glass eye
   360 | D:1      | Noticed a great orb of eyes
   360 | D:1      | Noticed a golden eye
   457 | D:1      | Reached skill level 5 in Conjurations
   557 | D:1      | Learned a level 2 spell: Searing Ray
   706 | D:2      | Reached skill level 1 in Translocations
   874 | D:2      | Reached XP level 3. HP: 20/20 MP: 6/9
   964 | D:2      | Learned a level 3 spell: Stone Arrow
  1155 | D:2      | Reached skill level 1 in Fighting
  1448 | D:3      | Reached skill level 1 in Earth Magic
  1534 | D:3      | Reached skill level 1 in Evocations
  1582 | D:3      | Noticed Grinder
  1594 | D:3      | Slain by Grinder

Illustrated notes

Levels and vault maps discovered:
D:1:      dpeg_arrival_connections, layout_rooms,
          hellmonk_ecumenical_altar_watching_god,
          chequers_serial_rivers_micro_e, st_stairs_12,
          chequers_serial_rivers_large_a
D:2:      layout_rooms
D:3:      layout_basic, mainiacjoe_overflow_six_doors_small, minmay_distorted,
          uniq_grinder

Skill      XL: |  1  2  3 |
---------------+----------+-----
Conjurations   | 5 |  5.0
Translocations | 1 |  1.0
Dodging        | 3 |  3.0
Fighting       | 1 |  1.0
Earth Magic    | 1 |  1.0
Evocations     | 1 |  1.2
Stealth        | |  2.4
Spellcasting   | |  3.0

Action                     || total
---------------------------++-------
  Melee: Unarmed           ||     5
   Cast: Magic Dart        ||    54
         Searing Ray       ||     8
    Use: Scroll            ||     7
         Potion            ||     1
 Armour: Robe              ||    20
  Dodge: Dodged            ||    16
